 Dungeon Crawl Stone Soup version 0.29.1-15-g9cfb28693d (webtiles) character file.

Game seed: 4499492874814647596

95 KittyFluff the Cudgeller (level 4, -2/43 HPs)
             Began as a Gargoyle Berserker on Apr 16, 2023.
             Was a Believer of Trog.
             Slain by an ogre
             ... wielding a +0 giant spiked club
              (14 damage)
             ... on level 4 of the Dungeon.
             The game lasted 00:11:09 (3284 turns).

KittyFluff the Cudgeller (Gargoyle Berserker)       Turns: 3284, Time: 00:11:10

Health: -2/43      AC:  7    Str: 20    XL:     4   Next: 65%
Magic:  4/4        EV: 11    Int:  8    God:    Trog [**....]
Gold:   154        SH:  0    Dex: 11    Spells: 3/3 levels left

rFire   . . .      SeeInvis .   a - +0 mace
rCold   . . .      Faith    .   (no shield)
rNeg    + . .      Spirit   .   r - +0 leather armour
rPois   ∞          Reflect  .   (no helmet)
rElec   +          Harm     .   (no cloak)
rCorr   .          Rampage  .   (no gloves)
Will    .....                   (no boots)
Stlth   ..........              (no amulet)
HPRegen 0.14/turn               (no ring)
MPRegen 0.09/turn               (no ring)

@: berserking, very quick
A: sickness immunity, AC +3, negative energy resistance 1, electricity
resistance, torment resistance 1, petrification resistance
a: Renounce Religion, Berserk, Trog's Hand


You were on level 4 of the Dungeon.
You worshipped Trog.
Trog was pleased with you.
You visited 1 branch of the dungeon, and saw 4 of its levels.

You collected 154 gold pieces.

Inventory:

Hand Weapons
 a - a +0 mace (weapon)
 o - a +0 sling
Missiles
 b - 2 throwing nets
 c - 40 stones (quivered)
 d - 10 boomerangs
Armour
 r - a +0 leather armour (worn)
 s - a +0 robe of fire resistance
Scrolls
 e - a scroll of immolation {unknown}
 i - 2 scrolls of enchant armour {unknown}
 k - 2 scrolls of identify {unknown}
 l - 2 scrolls of enchant weapon {unknown}
 n - a scroll of magic mapping {unknown}
 p - a scroll of amnesia {unknown}
 t - a scroll of teleportation {unknown}
Potions
 f - a potion of brilliance {unknown}
 g - a potion of ambrosia {unknown}
 h - 2 potions of degeneration {unknown}
 j - a potion of flight {unknown}
 m - a potion of berserk rage {unknown}
 q - a potion of resistance {unknown}


   Skills:
 + Level 3.9 Fighting
 + Level 4.0 Maces & Flails
 * Level 3.0 Armour
 + Level 2.0 Dodging
 + Level 0.4 Stealth


You had 3 spell levels left.
You didn't know any spells.
Your spell library was empty.

Dungeon Overview and Level Annotations

Branches:
Dungeon (4/15)
 Temple: D:4-7

Altars:

Shops:
D:2 ?


Innate Abilities, Weirdness & Mutations

You are immune to sickness and miasma.
Your stone body is resilient. (AC +3)
You are immune to poison.
You resist negative energy. (rN+)
You are resistant to electric shocks. (rElec)
You are resistant to unholy torment.
You are immune to petrification.


Message History

You enter the shallow water.
Moving in this stuff is going to be slow.
Your unstable footing causes you to fumble your attack.
You enter the shallow water.
Moving in this stuff is going to be slow.
You enter the shallow water.
Moving in this stuff is going to be slow.
You open the door.
There is an open door here.
An orc comes into view. It is wielding a +0 club.
The orc shouts!
You barely miss the orc. The orc hits you but does no damage.
You hit the orc.
The orc is heavily wounded.
The orc hits you with a +0 club.
You sock the orc!
You kill the orc!
Trog accepts your kill.
Things that are here:
a +0 club; a +0 scale mail; an orc corpse An ogre comes into view.
It is wielding a +0 giant spiked club.
The ogre shouts!
An ogre comes into view. It is wielding a +0 giant club.
The ogre shouts!
You hit the ogre but do no damage. The ogre closely misses you.
You barely miss the ogre. The ogre completely misses you.
You hit the ogre.
The ogre is lightly wounded.
The ogre hits you with a +0 giant spiked club!!
Ouch! That really hurt!
A red film seems to cover your vision as you go berserk!
You feel yourself moving faster!
You feel mighty!
You sock the ogre!
The ogre is moderately wounded.
The ogre hits you with a +0 giant spiked club.
* * * LOW HITPOINT WARNING * * *
You sock the ogre!
The ogre is severely wounded.
The ogre hits you with a +0 giant spiked club!
You die...

####### .......######
.......OO@..####
........###+...#
........##...♣.♣♣
............♣♣.P♣
........##..♣♣..♣
........##..♣P♣.♣
........##..♣P.♣♣
........####♣.♣P♣#########
♣.P♣♣#........


You could see 2 ogres.

Vanquished Creatures
  3 adders
  3 worms
  A dart slug (D:2)
  2 orcs
  3 ball pythons
  6 endoplasms
  A giant cockroach (D:1)
  11 goblins
  5 hobgoblins
  3 kobolds
  4 quokkas (D:2)
  3 bats
  2 frilled lizards
  3 rats (D:3)
50 creatures vanquished.

Notes
Turn   | Place    | Note
-------+----------+-------------------------------------------
     0 | D:1      | KittyFluff the Gargoyle Berserker began the quest for the
                  | Orb.
     0 | D:1      | Reached XP level 1. HP: 14/14 MP: 1/1
   500 | D:1      | Found a faded altar of an unknown god.
   542 | D:1      | Reached XP level 2. HP: 2/19 MP: 2/2
  1385 | D:2      | Found Uqurghof's Magic Scroll Shop.
  1428 | D:2      | Reached XP level 3. HP: 18/24 MP: 3/3
  2049 | D:2      | Reached XP level 4. HP: 22/29 MP: 4/4
  2065 | D:2      | Reached ** piety under Trog
  2315 | D:3      | Reached skill level 4 in Maces & Flails
  3270 | D:4      | Noticed an ogre
  3276 | D:4      | Noticed an ogre
  3284 | D:4      | Slain by an ogre

Illustrated notes

Levels and vault maps discovered:
D:1:      elethiomel_arrival_shortcut, layout_basic, basic_ecumenical_altar,
          minivault_14, grunt_decor_mini_mirrors, serial_bayou_crossing
D:2:      layout_rooms, serial_shops, nicolae_shop_trees
D:3:      layout_basic, minmay_misc_feat_tiny, minmay_misc_feat_tower
D:4:      layout_basic, serial_forest, infiniplex_forest_pool,
          infiniplex_forest_lined_corner, infiniplex_forest_end_2,
          infiniplex_forest_fountain, infiniplex_forest_lined_room_2,
          infiniplex_forest_zigzag_1, infiniplex_forest_zigzag_1

Skill      XL: |  1  2  3  4 |
---------------+-------------+-----
Dodging        | 2 |  2.0
Armour         | 3 |  3.0
Maces & Flails | 4 |  4.0
Fighting       | |  3.9
Stealth        | |  0.4

Action                   |  1- 3 |  4- 6 || total
-------------------------+-------+-------++-------
Melee: Mace              |   100 |    70 ||   170
       Punch             |     1 |       ||     1
Invok: Berserk           |     1 |     1 ||     2
 Stab: Sleeping          |     2 |       ||     2
Armor: Animal skin       |    58 |    12 ||    70
       Leather armour    |       |     5 ||     5
Dodge: Dodged            |    74 |    39 ||   113
